Map: Acid Plant LE

Players

Beastyqt

  • Race: Terran Terran
  • Spawn Location: 11:00

A.I. 1 (Very Easy) - Winner!

  • Race: Zerg Zerg
  • Spawn Location: 5:00

VOD

https://www.youtube.com/watch?v=k0OexgAQ3vc

Description

Time

  • Played on: Oct. 25, 2018, 1:27 p.m.
  • Length: 7:57
Show
View Real Time Build Order
Export as new Build Order

Beastyqt Terran 

Build Orders: Reaper Expand, Hellion Banshee 

Get SALT Encoding   

  12  0:01  SCV  
  13  0:13  SCV  
  14  0:16  Supply Depot  
  14  0:25  SCV  
  15  0:38  SCV  
  15  0:39  Barracks  
  16  0:44  Refinery  
  16  0:50  SCV  
  17  1:02  SCV  
  18  1:19  SCV  
  19  1:26  Reaper  
  19  1:31  Orbital Command  
  20  1:41  Command Center  
  20  1:48  Supply Depot  
  20  1:56  SCV  
  20  1:58  Marine  
  22  2:06  Factory  
  22  2:09  SCV  
  23  2:21  Barracks Reactor  
  23  2:22  SCV  
  24  2:34  SCV  
  25  2:40  Command Center  
  25  2:46  SCV  
  26  2:52  Orbital Command  
  26  2:59  SCV  
  26  3:01  Refinery  
  26  3:03  Hellion  
  29  3:07  Hellion  
  29  3:11  SCV  
  32  3:17  Starport  
  32  3:19  SCV  
  33  3:23  SCV  
  34  3:28  Hellion  
  34  3:30  Hellion  
  34  3:33  SCV  
  39  3:35  Barracks Tech Lab  
  39  3:36  SCV  
  40  3:45  SCV  
  41  3:49  SCV  
  41  3:50  Hellion  
  41  3:51  Hellion  
  41  3:54  Orbital Command  
  45  3:57  SCV  
  45  4:01  SCV  
  47  4:05  Supply Depot  
  47  4:06  Banshee  
  47  4:09  SCV  
  51  4:12  Hellion  
  51  4:14  SCV  
  56  4:17  Hellion  
  56  4:20  SCV  
  56  4:22  SCV  
  58  4:27  SCV  
  58  4:28  Supply Depot  
  58  4:30  Supply Depot  
  59  4:33  SCV  
  59  4:34  Cyclone, SCV  
  64  4:38  Cyclone  
  64  4:43  Armory, SCV  
  64  4:45  SCV  
  69  4:49  Banshee  
  69  4:51  SCV  
  73  4:53  Supply Depot  
  73  4:55  SCV  
  74  5:00  Refinery x2  
  74  5:01  Supply Depot  
  74  5:02  SCV  
  74  5:05  SCV  
  76  5:10  SCV  
  76  5:11  Hellion x2  
  76  5:14  SCV  
  82  5:17  Supply Depot, SCV  
  83  5:22  SCV  
  83  5:23  Supply Depot  
  83  5:26  SCV  
  83  5:28  Barracks Tech Lab, Supply Depot  
  85  5:30  SCV  
  85  5:35  SCV  
  87  5:36  Hellion x2  
  87  5:42  SCV  
  92  5:44  SCV  
  92  5:45  Starport Reactor  
  93  5:50  Factory  
  93  5:53  Factory  
  93  5:57  Hellion x2, SCV  
  93  5:58  Armory  
  93  6:00  SCV  
  93  6:03  Terran Vehicle Weapons Level 1  
  99  6:08  Engineering Bay  
  99  6:09  Orbital Command  
  99  6:10  SCV  
  100  6:15  SCV  
  101  6:21  Hellion x2  
  101  6:24  SCV  
  106  6:28  SCV, Factory  
  106  6:30  Factory  
  107  6:35  Refinery  
  107  6:36  SCV x2  
  107  6:37  Thor  
  107  6:38  Refinery  
  115  6:40  Supply Depot  
  115  6:42  SCV  
  115  6:44  Supply Depot x2  
  116  6:47  Thor  
  116  6:48  SCV  
  116  6:50  SCV  
  124  6:56  Supply Depot  
  124  7:01  Medivac  
  124  7:02  Hellion x2, Medivac  
  124  7:05  SCV x3  
  124  7:06  Supply Depot  
  135  7:09  Supply Depot  
  135  7:15  Factory Tech Lab, Factory Reactor  
  135  7:19  SCV  
  136  7:31  Hellion x2  
  136  7:33  Command Center  
  146  7:38  Supply Depot  
  146  7:40  Supply Depot  
Show
View Real Time Build Order
Export as new Build Order

A.I. 1 (Very Easy) Zerg - Winner!

Build Orders: Pool First 

Get SALT Encoding   

  12  0:01  Drone  
  13  0:12  Overlord  
  13  0:17  Drone  
  14  0:35  Spawning Pool  
  13  0:37  Drone  
  13  0:41  Extractor  
  13  0:45  Drone  
  14  0:52  Overlord  
  14  1:21  Queen  
  14  1:23  Zergling x2  
  17  1:30  Roach Warren  
  16  1:34  Drone  
  16  1:37  Extractor  
  16  1:41  Drone  
  17  1:48  Zergling x2  
  18  2:00  Drone  
  19  2:08  Drone  
  20  2:14  Zergling x2  
  21  2:16  Drone  
  22  2:28  Overlord  
  22  2:32  Drone  
  23  2:39  Drone  
  23  2:40  Roach  
  26  2:49  Drone  
  27  3:51  Zergling x2  
  27  5:53  Zergling x2  
  27  7:08  Drone  
  28  7:09  Overlord  
  28  7:14  Hatchery  
  28  7:15  Drone  
  28  7:22  Drone  
  30  7:30  Drone  
  31  7:37  Drone  
Tags
 
Add a new tag
Caveats
  • Supply blocks, unpowered buildings, or Contaminate may cause inaccurate times.
  • Supply counts are checked every 10 seconds.